%YAML 1.1
%TAG !u! tag:unity3d.com,2011:
--- !u!1 &8789646226144608739
GameObject:
  m_ObjectHideFlags: 0
  m_CorrespondingSourceObject: {fileID: 0}
  m_PrefabInstance: {fileID: 0}
  m_PrefabAsset: {fileID: 0}
  serializedVersion: 6
  m_Component:
  - component: {fileID: 8789646226144608736}
  - component: {fileID: 8789646226144608750}
  - component: {fileID: 8789646226144608737}
  m_Layer: 0
  m_Name: SpeedBoostParent (1)
  m_TagString: Untagged
  m_Icon: {fileID: 0}
  m_NavMeshLayer: 0
  m_StaticEditorFlags: 0
  m_IsActive: 1
--- !u!4 &8789646226144608736
Transform:
  m_ObjectHideFlags: 0
  m_CorrespondingSourceObject: {fileID: 0}
  m_PrefabInstance: {fileID: 0}
  m_PrefabAsset: {fileID: 0}
  m_GameObject: {fileID: 8789646226144608739}
  m_LocalRotation: {x: -0, y: 0.69260854, z: -0, w: 0.72131366}
  m_LocalPosition: {x: -27.76, y: 19.978, z: 9.16}
  m_LocalScale: {x: 1.5, y: 1, z: 1.5}
  m_Children:
  - {fileID: 9111241441018901870}
  m_Father: {fileID: 0}
  m_RootOrder: 0
  m_LocalEulerAnglesHint: {x: 0, y: 87.674, z: 0}
--- !u!65 &8789646226144608750
BoxCollider:
  m_ObjectHideFlags: 0
  m_CorrespondingSourceObject: {fileID: 0}
  m_PrefabInstance: {fileID: 0}
  m_PrefabAsset: {fileID: 0}
  m_GameObject: {fileID: 8789646226144608739}
  m_Material: {fileID: 0}
  m_IsTrigger: 1
  m_Enabled: 1
  serializedVersion: 2
  m_Size: {x: 1, y: 1, z: 1}
  m_Center: {x: 0, y: 0, z: 0}
--- !u!114 &8789646226144608737
MonoBehaviour:
  m_ObjectHideFlags: 0
  m_CorrespondingSourceObject: {fileID: 0}
  m_PrefabInstance: {fileID: 0}
  m_PrefabAsset: {fileID: 0}
  m_GameObject: {fileID: 8789646226144608739}
  m_Enabled: 1
  m_EditorHideFlags: 0
  m_Script: {fileID: 11500000, guid: e75b59d5df66df842866c33e7a6de486, type: 3}
  m_Name: 
  m_EditorClassIdentifier: 
--- !u!95 &8789646226847174364
Animator:
  serializedVersion: 3
  m_ObjectHideFlags: 0
  m_CorrespondingSourceObject: {fileID: 0}
  m_PrefabInstance: {fileID: 0}
  m_PrefabAsset: {fileID: 0}
  m_GameObject: {fileID: 8447188835591237588}
  m_Enabled: 0
  m_Avatar: {fileID: 0}
  m_Controller: {fileID: 9100000, guid: 1953a00fade8c6e44b621c7f514c9e2d, type: 2}
  m_CullingMode: 0
  m_UpdateMode: 0
  m_ApplyRootMotion: 0
  m_LinearVelocityBlending: 0
  m_WarningMessage: 
  m_HasTransformHierarchy: 1
  m_AllowConstantClipSamplingOptimization: 1
  m_KeepAnimatorControllerStateOnDisable: 0
--- !u!1001 &8789646226032333445
PrefabInstance:
  m_ObjectHideFlags: 0
  serializedVersion: 2
  m_Modification:
    m_TransformParent: {fileID: 8789646226144608736}
    m_Modifications:
    - target: {fileID: -8679921383154817045, guid: 35d24a2cb65c28748a56269cc540da5e,
        type: 3}
      propertyPath: m_LocalPosition.x
      value: 0
      objectReference: {fileID: 0}
    - target: {fileID: -8679921383154817045, guid: 35d24a2cb65c28748a56269cc540da5e,
        type: 3}
      propertyPath: m_LocalPosition.y
      value: 0
      objectReference: {fileID: 0}
    - target: {fileID: -8679921383154817045, guid: 35d24a2cb65c28748a56269cc540da5e,
        type: 3}
      propertyPath: m_LocalPosition.z
      value: 0
      objectReference: {fileID: 0}
    - target: {fileID: -8679921383154817045, guid: 35d24a2cb65c28748a56269cc540da5e,
        type: 3}
      propertyPath: m_LocalRotation.x
      value: -0.7071067
      objectReference: {fileID: 0}
    - target: {fileID: -8679921383154817045, guid: 35d24a2cb65c28748a56269cc540da5e,
        type: 3}
      propertyPath: m_LocalRotation.y
      value: 5.302452e-33
      objectReference: {fileID: 0}
    - target: {fileID: -8679921383154817045, guid: 35d24a2cb65c28748a56269cc540da5e,
        type: 3}
      propertyPath: m_LocalRotation.z
      value: 5.302451e-33
      objectReference: {fileID: 0}
    - target: {fileID: -8679921383154817045, guid: 35d24a2cb65c28748a56269cc540da5e,
        type: 3}
      propertyPath: m_LocalRotation.w
      value: 0.7071068
      objectReference: {fileID: 0}
    - target: {fileID: -8679921383154817045, guid: 35d24a2cb65c28748a56269cc540da5e,
        type: 3}
      propertyPath: m_RootOrder
      value: 0
      objectReference: {fileID: 0}
    - target: {fileID: -8679921383154817045, guid: 35d24a2cb65c28748a56269cc540da5e,
        type: 3}
      propertyPath: m_LocalEulerAnglesHint.x
      value: 0
      objectReference: {fileID: 0}
    - target: {fileID: -8679921383154817045, guid: 35d24a2cb65c28748a56269cc540da5e,
        type: 3}
      propertyPath: m_LocalEulerAnglesHint.y
      value: 0
      objectReference: {fileID: 0}
    - target: {fileID: -8679921383154817045, guid: 35d24a2cb65c28748a56269cc540da5e,
        type: 3}
      propertyPath: m_LocalEulerAnglesHint.z
      value: 0
      objectReference: {fileID: 0}
    - target: {fileID: -3887185075125053422, guid: 35d24a2cb65c28748a56269cc540da5e,
        type: 3}
      propertyPath: m_AABB.m_Extent.x
      value: 1.2694546
      objectReference: {fileID: 0}
    - target: {fileID: -3887185075125053422, guid: 35d24a2cb65c28748a56269cc540da5e,
        type: 3}
      propertyPath: m_AABB.m_Extent.y
      value: 1.2694546
      objectReference: {fileID: 0}
    - target: {fileID: -3887185075125053422, guid: 35d24a2cb65c28748a56269cc540da5e,
        type: 3}
      propertyPath: m_AABB.m_Extent.z
      value: 1.2694546
      objectReference: {fileID: 0}
    - target: {fileID: -3887185075125053422, guid: 35d24a2cb65c28748a56269cc540da5e,
        type: 3}
      propertyPath: m_DirtyAABB
      value: 0
      objectReference: {fileID: 0}
    - target: {fileID: 919132149155446097, guid: 35d24a2cb65c28748a56269cc540da5e,
        type: 3}
      propertyPath: m_Name
      value: SpeedBoost
      objectReference: {fileID: 0}
    m_RemovedComponents: []
  m_SourcePrefab: {fileID: 100100000, guid: 35d24a2cb65c28748a56269cc540da5e, type: 3}
--- !u!1 &8447188835591237588 stripped
GameObject:
  m_CorrespondingSourceObject: {fileID: 919132149155446097, guid: 35d24a2cb65c28748a56269cc540da5e,
    type: 3}
  m_PrefabInstance: {fileID: 8789646226032333445}
  m_PrefabAsset: {fileID: 0}
--- !u!4 &9111241441018901870 stripped
Transform:
  m_CorrespondingSourceObject: {fileID: -8679921383154817045, guid: 35d24a2cb65c28748a56269cc540da5e,
    type: 3}
  m_PrefabInstance: {fileID: 8789646226032333445}
  m_PrefabAsset: {fileID: 0}
